Unix NetHack Version 3.7.0-51 Work-in-progress - last build Mar 7 2022 13:06:07 (ce1e6a145e5d3e7dd6f4b57ba37794bc207988de,branch:master). Game began 2022-03-18 20:43:22, ended 2022-03-18 21:41:35. Gandelf, neutral male human Monk ------------ ------- |..........| |.....| -.------ ############...........| |......# |..(...| #[#[####)#%########### |..........| |.{...|# |......| #### ----------------# --------|--- ----.--## |u@....|# -............!.|# ## ### # |.......# |[............)|# # ## # ----...-# # |..............|[## # # ## ## #############.).............|# # ####### # # ## # # ----------------#### ### # ### ######## # ## -.-.--- # ##....-.-# ##0 ######################%##0|.%...| -----.-- ##......|# #---.----## #|.....| |......| ##|.....|# #.......|# #......| |...^..| ##|......# |......|# ------- |......| ## #|.%<..|#* ........# |...>...#######------- |......| -------- ## --|----- Gandelf the Initiate St:18 Dx:14 Co:11 In:12 Wi:13 Ch:10 Neutral S:5192 Dlvl:6 $:358 HP:0(66) Pw:40(40) AC:0 Xp:7/1109 T:3999 Burdened Latest messages: You miss Ear1yT's ghost. You destroy Ear1yT's ghost! You see here 183 gold pieces. You have a little trouble lifting $ - 183 gold pieces. You see here an orcish helm. You hit the dwarf mummy! The dwarf mummy hits! You destroy the dwarf mummy! You have a little trouble lifting $ - 39 gold pieces. You see here an orcish helm. You see here an orcish helm. You see here a floating eye corpse. You see here a knife. You see here an orcish helm. You see here a mummy wrapping. Where do you want to travel to? (For instructions type a '?') The white unicorn misses! The white unicorn kicks! The white unicorn butts! The white unicorn misses! You miss the white unicorn. The white unicorn just misses! The white unicorn kicks! The white unicorn butts! The white unicorn just misses! You miss the white unicorn. The white unicorn misses! The white unicorn kicks! The white unicorn butts! The white unicorn kicks! You hit the white unicorn! The white unicorn butts! The white unicorn kicks! The white unicorn butts! The white unicorn kicks! You miss the white unicorn. The white unicorn butts! The white unicorn kicks! The white unicorn butts! The white unicorn kicks! The white unicorn just misses! The white unicorn kicks! The white unicorn butts! You die... Do you want your possessions identified? [ynq] (y) y Do you want to see your attributes? [ynq] (y) y Do you want an account of creatures vanquished? [ynaq] (y) y Do you want to see your conduct and achievements? [ynq] (y) y Do you want to see the dungeon overview? [ynq] (y) y Major events: Turn 1: Gandelf the neutral male human Monk entered the dungeon 1247: attained the rank of Novice (level 3) 1999: entered the Gnomish Mines 2250: attained the rank of Initiate (level 6) 2521: reached Mine Town 3857: destroyed Ear1yT's ghost, the former Ninja 3999: killed by a white unicorn Inventory: Coins $ - 358 gold pieces Amulets z - an uncursed amulet of flying Weapons p - 12 +0 darts Armor a - an uncursed +2 pair of leather gloves (being worn) R - an uncursed +0 pair of iron shoes (being worn) y - an uncursed +0 shield of reflection (being worn) S - an uncursed +1 robe (being worn) Comestibles g - 6 uncursed apples f - an uncursed food ration x - an uncursed partly eaten food ration i - 5 uncursed fortune cookies h - 7 uncursed oranges q - an uncursed pancake n - an uncursed tripe ration m - an uncursed egg E - an uncursed lizard corpse Scrolls F - an uncursed scroll of blank paper l - an uncursed scroll of light U - an uncursed scroll of remove curse d - an uncursed scroll of scare monster w - an uncursed scroll of teleportation Spellbooks s - an uncursed spellbook of extra healing c - a blessed spellbook of healing Potions Y - an uncursed potion of extra healing Q - an uncursed potion of full healing T - an uncursed potion of levitation L - a blessed potion of monster detection H - an uncursed potion of object detection I - an uncursed potion of see invisible e - a potion of holy water v - an uncursed potion of water Rings G - an uncursed +1 ring of protection t - an uncursed ring of warning Wands W - a wand of cold (0:4) J - a wand of digging (0:4) u - a wand of light (0:11) r - a wand of secret door detection (0:11) Tools A - an uncursed sack containing 1 item M - an uncursed beartrap b - an uncursed blindfold N - an uncursed leash j - a magic marker (0:31) k - an uncursed skeleton key K - an uncursed tin whistle V - a +0 unicorn horn P - a blessed wax candle Gems/Stones o - an uncursed chrysoberyl stone C - an uncursed chrysoberyl stone X - an uncursed garnet stone O - an uncursed worthless piece of orange glass Z - an uncursed worthless piece of yellowish brown glass Contents of the sack: a +0 pick-axe Gandelf the Monk's attributes: Background: You were an Initiate, a level 7 male human Monk. You were neutral, on a mission for Chih Sung-tzu who was opposed by Shan Lai Ching (lawful) and Huan Ti (chaotic). You were in the Dungeons of Doom, on level 6. You entered the dungeon 3999 turns ago. There was a full moon in effect when your adventure ended. You had 1109 experience points, 171 more were needed to attain level 8. Your score was 5192 before end-of-game adjustments. Basics: You had 0 out of 66 hit points. You had all 40 energy points (spell power). Your armor class was 0. Your wallet contained 358 zorkmids. Autopickup was off. Final Characteristics: Your strength was 18 (limit:18/100). Your dexterity was 14 (limit:18). Your constitution was 11 (limit:18). Your intelligence was 12 (limit:18). Your wisdom was 13 (limit:18). Your charisma was 10 (limit:18). Final Status: You were not hungry. You were burdened; movement was slightly slowed. You were empty handed. You were skilled in martial arts. Final Attributes: You were piously aligned. You were sleep resistant. You were poison resistant. You saw invisible. You were warned. You were stealthy. You were guarded. You were fast. You had reflection. You were lucky. You are dead. Miscellaneous: You encountered 1 bones level. Total elapsed playing time was 58 minutes and 13 seconds. Vanquished creatures: a ghost a large mimic a small mimic a dwarf mummy a brown pudding 2 lizards a white unicorn a plains centaur a snake a bugbear 3 imps a wood nymph a mountain nymph 6 Uruk-hai 2 rock moles a shrieker a violet fungus 4 gnome leaders 3 gnomish wizards 6 giant ants a floating eye a kitten 7 dwarves a hill orc 2 giant bats a dwarf zombie a wererat 2 iguanas an acid blob a coyote a hobbit a manes a hobgoblin 3 yellow molds a green mold 18 gnomes a gecko 4 jackals a fox a goblin 3 sewer rats 2 grid bugs 5 lichens 2 kobold zombies 3 newts 104 creatures vanquished. No species were genocided or became extinct. Voluntary challenges: You followed a strict vegan diet. You never hit with a wielded weapon. You read items or engraved 7 times. You never engraved Elbereth. You never genocided any monsters. You never polymorphed an object. You never changed form. You used no wishes. Achievements: You entered a shop. You attained the rank of Novice. You entered the Gnomish Mines. You attained the rank of Initiate. You entered Minetown. You entered a temple. The Dungeons of Doom: levels 1 to 6 Level 1: A fountain. Level 2: A scroll shop, some fountains. Level 3: An armor shop. Level 4: A fountain. Stairs down to The Gnomish Mines. Level 5: A fountain. Level 6: <- You were here. A sink. Final resting place for you, killed by a white unicorn, Ear1yT-Sam-Hum-Mal-Law, killed by a manes, while frozen by a floating eye's gaze. The Gnomish Mines: levels 5 to 7 Level 5: Level 6: Level 7: Many shops, a temple to Chih Sung-tzu, some fountains. Game over: ---------- / \ / REST \ / IN \ / PEACE \ / \ | Gandelf | | 358 Au | | killed by a | | white unicorn | | | | | | 2022 | *| * * * | * _________)/\\_//(\/(/\)/\//\/|_)_______ Goodbye Gandelf the Monk... You died in The Dungeons of Doom on dungeon level 6 with 5157 points, and 358 pieces of gold, after 3999 moves. You were level 7 with a maximum of 66 hit points when you died.